 Dungeon Crawl Stone Soup version 0.30.0-15-g856e2d3f33 (webtiles) character file.

Game seed: 1261457089394514593

27 Drazool the Cudgeller (level 2, 0/24 HPs)
             Began as a Demonspawn Fighter on May 19, 2023.
             Succumbed to an adder's poison
             ... on level 2 of the Dungeon.
             The game lasted 00:01:52 (831 turns).

Drazool the Cudgeller (Demonspawn Fighter)           Turns: 831, Time: 00:01:53

Health: 0/24       AC:  6    Str: 16    XL:     2   Next: 93%
Magic:  2/2        EV:  8    Int:  9    God:
Gold:   79         SH:  8    Dex: 12    Spells: 1/1 levels left

rFire   . . .        a - +0 flail
rCold   . . .        c - +0 buckler
rNeg    . . .        b - +0 scale mail
rPois   .            (no helmet)
rElec   .            (no cloak)
rCorr   .            (no gloves)
SInv    .            (no boots)
Will    .....        (no amulet) Stlth
                     (no ring)
HPRegen 0.24/turn    (no ring)
MPRegen 0.08/turn

%: no passive effects
@: lethally poisoned (0 -> -2)
A: condensation shield
a: no special abilities


You were on level 2 of the Dungeon.
You visited 1 branch of the dungeon, and saw 2 of its levels.

You collected 79 gold pieces.

Inventory:

Hand Weapons
 a - a +0 flail (weapon)
Missiles
 h - 5 poisoned darts (quivered)
Armour
 b - a +0 scale mail (worn)
 c - a +0 buckler (worn)
Jewellery
 j - an amulet of regeneration
Scrolls
 e - a scroll of fog {unknown}
 g - a scroll of vulnerability {unknown}
Potions
 d - a potion of might
 f - 2 potions of brilliance


   Skills:
 - Level 3.0 Fighting
 + Level 3.1 Maces & Flails
 - Level 2.6 Armour
 - Level 2.6 Shields


You had one spell level left.
You didn't know any spells.
Your spell library contained the following spells:

 Spells                   Type           Power      Damage    Failure   Level
 Lesser Beckoning         Tloc           0%         N/A       96%         2
 Sublimation of Blood     Necr           0%         N/A       96%         2
 Wereblood                Tmut           0%         N/A       96%         2
 Gell's Gravitas          Tloc           0%         N/A       99%         3
 Teleport Other           Tloc           0%         N/A       99%         3
 Dispersal                Tloc           0%         N/A       100%        6
 Summon Hydra             Summ           0%         N/A       100%        7


Dungeon Overview and Level Annotations

Branches:
Dungeon (2/15)

Altars:


Innate Abilities, Weirdness & Mutations

A meltable shield of frost defends you. (SH +4)


Message History

You barely miss the adder.
The adder is almost dead.
You feel sick. You block the adder's attack. The adder bites you.
You are more poisoned.
The adder poisons you!
You miss the adder.
The adder is almost dead.
You feel sick. You block the adder's attack. The adder closely misses you.
You closely miss the adder.
The adder is almost dead.
You feel sick. The adder bites you.
* * * LOW HITPOINT WARNING * * *
You are lethally poisoned!
The adder poisons you!
You hit the adder.
You kill the adder!
* * * LOW HITPOINT WARNING * * *
You feel sick.
Your Maces & Flails skill increases to level 3!
Unknown command.
It was a potion of brilliance.
You feel clever all of a sudden.
* * * LOW HITPOINT WARNING * * *
You feel sick.
Unknown command.
It was a potion of haste.
You feel yourself speed up.
* * * LOW HITPOINT WARNING * * *
You feel sick.
It was a potion of lignification.
You turn into a tree.
Your +0 scale mail melds into your body.
Your roots penetrate the ground.
It was a potion of cancellation.
Your magical effects are unravelling.
You feel magically purged.
You feel less wooden.
Your +0 scale mail unmelds from your body.
You feel yourself slow down.
You feel a little less clever now.
* * * LOW HITPOINT WARNING * * *
You feel sick.
You die...

. $ ##.
!.# #.#
#.# #†# #
#@# #
#.#.#.#.#
#....<..#
###.###.#
#. ... #
..# ....
.##. .#


There were no monsters in sight!

Vanquished Creatures
  An adder (D:2)
  An endoplasm (D:1)
  A giant cockroach (D:1)
  A goblin (D:1)
  A hobgoblin (D:1)
  2 quokkas (D:1)
  3 ball pythons (D:1)
  2 bats (D:1)
  2 frilled lizards (D:1)
  5 rats (D:1)
19 creatures vanquished.

Notes
Turn   | Place    | Note
-------+----------+-------------------------------------------
     0 | D:1      | Drazool the Demonspawn Fighter began the quest for the Orb.
     0 | D:1      | Reached XP level 1. HP: 18/18 MP: 1/1
   316 | D:1      | Gained mutation: A meltable shield of frost defends you.
                  | (SH +4) [demonic ancestry]
   316 | D:1      | Reached XP level 2. HP: 24/24 MP: 2/2
   830 | D:2      | HP: 1/24 [poisoned by an adder]
   831 | D:2      | Succumbed to an adder's poison

Illustrated notes

Levels and vault maps discovered:
D:1:      lightli_arrival_statuegarden, layout_loops_cross, serial_bayou,
          serial_bayou_shore_b, serial_bayou_ford_a, serial_bayou_shore_a,
          serial_bayou_lake_a, serial_park_tiny_1
D:2:      layout_basic, ebering_ecumenical_altar_sacrificial, chequers_garden,
          kennysheep_cross_room, uniq_sigmund

Skill      XL: |  1  2 |
---------------+-------+-----
Maces & Flails | 2 3 |  3.1
Fighting       | |  3.0
Armour         | |  2.6
Shields        | |  2.6

Action                     || total
---------------------------++-------
  Melee: Flail             ||    77
  Throw: Dart              ||     2
    Use: Potion            ||     4
 Armour: Scale mail        ||    24
  Dodge: Dodged            ||    29
  Block: Buckler           ||    29
